 Seeded DCSS version 0.30-a0-743-gbfdf073431 (webtiles) character file.

Game seed: 5430720872467839093 (custom seed)

7325 hbarley the Cleaver (level 11, 0/90 HPs)
             Began as a Hill Orc Fighter on Feb 6, 2023.
             Was a Priest of Hepliaklqana.
             Slain by a manticore (8 damage)
             ... on level 9 of the Dungeon.
             The game lasted 00:21:55 (6570 turns).

hbarley the Cleaver (Hill Orc Fighter)              Turns: 6570, Time: 00:21:56

Health: 0/90       AC: 11    Str: 25    XL:     11   Next: 13%
Magic:  17/17      EV: 11    Int:  8    God:    Hepliaklqana [***...]
Gold:   1324       SH:  5    Dex: 12    Spells: 10/10 levels left

rFire   . . .      SeeInvis +    u - +9 consecrated labrys {holy, Valiant Fragile Fly SInv}
rCold   . . .      Faith    .    c - +0 buckler
rNeg    + . .      Spirit   .    G - +1 ring mail {rPois}
rPois   +          Reflect  .    Z - +0 helmet
rElec   .          Harm     .    o - +1 cloak of the Nightingale {rPois Will+ Str-3 Stlth+}
rCorr   .          Rampage  .    (no gloves)
Will    +....                    (no boots)
Stlth   ++                       t - amulet of Vitality {RegenMP++ Regen++}
HPRegen 1.95/turn                m - +6 ring of strength
MPRegen 0.95/turn                D - ring of positive energy

@: spiked, flying, studying Fighting
A: reduced essence
a: Renounce Religion, Recall Ancestor, Ancestor Identity, Transference


You were on level 9 of the Dungeon.
You worshipped Hepliaklqana.
Hepliaklqana was most pleased with you.
You visited 2 branches of the dungeon, and saw 10 of its levels.

You collected 1380 gold pieces.
You spent 56 gold pieces at shops.

Inventory:

Hand Weapons
 u - the +9 consecrated labrys (weapon) {holy, Valiant Fragile Fly SInv}
   (You acquired it on level 2 of the Dungeon)

   Valiant:   It becomes more powerful as more dangerous foes come into view.
   SInv:      It lets you see invisible.
   Fly:       It grants you flight.
   Fragile:   It will be destroyed if unequipped.
Missiles
 y - 5 poisoned darts (quivered)
Armour
 c - a +0 buckler (worn)
 o - the +1 cloak of the Nightingale (worn) {rPois Will+ Str-3 Stlth+}
   (You acquired it on level 2 of the Dungeon)

   Str:       It affects your strength (-3).
   rPois:     It protects you from poison.
   Will:      It increases your willpower.
   Stlth:     It makes you more stealthy.
 G - a +1 ring mail of poison resistance (worn)
 Z - a +0 helmet (worn)
Jewellery
 b - an amulet of the acrobat
 m - a +6 ring of strength (left hand)
 p - a ring of protection from cold
 t - the amulet of Vitality (around neck) {RegenMP++ Regen++}
   (You acquired it on level 2 of the Dungeon)

   [amulet of magic regeneration]

   It increases your rate of magic regeneration.
   Regen:     It increases your rate of health regeneration.
 D - a ring of positive energy (right hand)
 S - a +4 ring of slaying
 T - a ring of protection from fire
 X - a +6 ring of intelligence
Wands
 v - a wand of mindburst (19)
 I - a wand of roots (5)
 N - a wand of quicksilver (2)
 O - a wand of flame (12)
 W - a wand of polymorph (16)
 Y - a wand of paralysis (6)
Scrolls
 f - 2 scrolls of torment {unknown}
 g - 3 scrolls of amnesia
 h - a scroll of identify
 l - 3 scrolls of teleportation
 n - a scroll of brand weapon {unknown}
 q - a scroll of fog {unknown}
 r - 2 scrolls of immolation {unknown}
 s - 4 scrolls of enchant armour
 A - a scroll of silence {unknown}
 E - a scroll of butterflies {unknown}
 F - 2 scrolls of blinking {unknown}
 H - a scroll of poison {unknown}
 J - 2 scrolls of magic mapping {unknown}
 P - 2 scrolls of enchant weapon {unknown}
 Q - 2 scrolls of fear {unknown}
Potions
 a - a potion of haste {unknown}
 d - 2 potions of might
 e - a potion of mutation {unknown}
 j - 3 potions of attraction
 k - 7 potions of curing
 w - a potion of ambrosia {unknown}
 x - 2 potions of lignification {unknown}
 z - 4 potions of berserk rage
 C - 3 potions of degeneration {unknown}
 K - a potion of magic {unknown}
 L - a potion of resistance
 M - a potion of brilliance {unknown}
 R - a potion of invisibility {unknown}
 U - a potion of flight {unknown}
 V - 2 potions of heal wounds {unknown}


   Skills:
 + Level 10.8 Fighting
 + Level 13.9 Axes
 + Level 7.3 Armour
 + Level 2.9 Dodging
 + Level 3.1 Stealth
 + Level 5.8 Shields
 * Level 8.9 Invocations
 + Level 1.0 Evocations


You had 10 spell levels left.
You didn't know any spells.
Your spell library contained the following spells:

 Spells                   Type           Power      Damage    Failure   Level
 Slow                     Hex            0%         N/A       63%         1
 Sting                    Tmut/Pois      0%         1d3       63%         1
 Blink                    Tloc           0%         N/A       77%         2
 Cigotuvi's Dreadful Rot  Necr/Pois/Air  0%         N/A       77%         2
 Poisonous Vapours        Pois/Air       0%         N/A       77%         2
 Static Discharge         Conj/Air       0%         2-2/arc   77%         2
 Confusing Touch          Hex            0%         N/A       94%         3
 Inner Flame              Hex/Fire       0%         N/A       94%         3
 Vampiric Draining        Necr           0%         2d6       94%         3
 Vhi's Electric Charge    Tloc/Air       0%         N/A       94%         3
 Dispel Undead            Necr           0%         3d6       100%        4
 Flame Wave               Conj/Fire      0%         2d4       100%        4
 Manifold Assault         Tloc           0%         N/A       100%        4
 Olgreb's Toxic Radiance  Pois           0%         N/A       100%        4
 Sticky Flame             Conj/Fire      0%         2d3       100%        4
 Arcjolt                  Conj/Air       0%         1d10      100%        5
 Lightning Bolt           Conj/Air       0%         1d11      100%        5
 Death Channel            Necr           0%         N/A       100%        6
 Storm Form               Tmut/Air       0%         N/A       100%        7


Dungeon Overview and Level Annotations

Branches:
Dungeon (9/15)             Temple (1/1) D:4
   Lair: D:8-11         Orc: D:9-12

Altars:
Ashenzari
Cheibriados
Dithmenos
Elyvilon
Fedhas
Gozag
Hepliaklqana
Kikubaaqudgha
Makhleb
Okawaru
Trog
Uskayaw
Vehumet
Xom
Zin
The Shining One

Shops:
D:2 ?

Annotations:
D:4 1 runed translucent door, AverageBear's ghost, amateur DsFi


Message History

An orc wizard comes into view. It is wielding a +0 dagger.
Shadowmeld closely misses the bullfrog.
The bullfrog barely misses Shadowmeld.
The barbed spikes dig painfully into your body as you move.
* * * LOW HITPOINT WARNING * * *
Shadowmeld hits the bullfrog with a +0 dagger of draining!
Shadowmeld drains the bullfrog.
Items here: )) [ †††.
You feel better.
You slash the orc wizard!
The orc wizard is severely wounded.
The orc wizard gestures at you while chanting.
You resist with almost no effort.
Shadowmeld hits the orc wizard with a +0 dagger of draining.
Shadowmeld drains the orc wizard.
The orc wizard dies!
The barbed spikes dig painfully into your body as you move.
* * * LOW HITPOINT WARNING * * *
Something bites Shadowmeld.
Something barely misses Shadowmeld.
Something claws Shadowmeld.
Items here: ))) [[ †.
Aiming: Mindburst
Press: ? - help, Q - select action, (/) - cycle Shift-Dir - straight line Nothing appears to happen.
Something bites Shadowmeld!
Something claws Shadowmeld! x2
Shadowmeld is destroyed!
A yak comes into view.
The barbed spikes dig painfully into your body as you move.
* * * LOW HITPOINT WARNING * * *
The manticore bites you but does no damage.
The manticore claws you.
* * * LOW HITPOINT WARNING * * *
The manticore claws you.
* * * LOW HITPOINT WARNING * * *
The yak moves out of view.
You hit the manticore.
The manticore is lightly wounded.
The manticore bites you!
* * * LOW HITPOINT WARNING * * *
The manticore claws you!
You die...

# #. ........[# #?
.........## #[# .#
~.~......##.## .. #.#
.....#...##.#.# Y#..#
........#. #...###D..#
~~......#. #..#)#H# #
........#.##.#))@##.##
~~......##.##...##...#
......R#.#.#####..#
~≈.....##.#.)#..###
≈~~....###.##...#######.
.......# ##.####.......#
......## #............
≈~....##................
≈≈.))...................


You could see a manticore, a yak and an acid dragon.

Vanquished Creatures
  2 two-headed ogres
  A cyclops (D:9)
  Joseph (D:8)
  Psyche (D:8)
  A hornet (D:8)
  11 yaks (D:8)
  A wyvern (D:8)
  An acid dragon (D:6)
  2 water moccasins
  Duvessa (D:5)
  2 ice beasts
  2 centaurs
  An ogre (D:7)
  Blork the orc (D:4)
  2 bullfrogs (D:8)
  A gnoll sergeant (D:9)
  3 scorpions
  4 necrophages
  Dowan (D:5)
  A wight (D:6)
  A howler monkey (D:9)
  A crimson imp (D:7)
  A gnoll bouda (D:6)
  4 orc priests
  4 hounds
  A jelly (D:6)
  3 iguanas
  11 orc wizards
  23 gnolls
  8 adders
  A shadow imp (D:6)
  5 white imps
  An ufetubus (D:5)
  3 worms (D:4)
  A dart slug (D:4)
  22 orcs
  3 bats
  8 endoplasms
  3 giant cockroaches
  7 hobgoblins
  7 jackals
  6 kobolds
  5 quokkas
  8 ball pythons
  2 frilled lizards
  4 goblins
  3 rats
186 creatures vanquished.

Vanquished Creatures (collateral kills)
  A water moccasin (D:6)
  A sky beast (D:7)
  A bullfrog (D:7)
  2 gnoll sergeants
  2 orc wizards
  3 gnolls
  An adder (D:6)
  A white imp (D:6)
  4 orcs
16 creatures vanquished.

Vanquished Creatures (others)
  A wizard (D:8)
  A hexer (D:9)
2 creatures vanquished.

Grand Total: 204 creatures vanquished

Notes
Turn   | Place    | Note
-------+----------+-------------------------------------------
     0 | D:1      | hbarley the Hill Orc Fighter began the quest for the Orb.
     0 | D:1      | Reached XP level 1. HP: 19/19 MP: 1/1
    65 | D:1      | Reached XP level 2. HP: 18/27 MP: 2/2
   634 | D:1      | Reached skill level 3 in Axes
   868 | D:1      | Reached XP level 3. HP: 33/33 MP: 3/3
  1212 | D:2      | Found Doddoiw's Magic Scroll Shoppe.
  1218 | D:2      | Bought a scroll of identify for 28 gold pieces
  1218 | D:2      | Bought a scroll of identify for 28 gold pieces
  1306 | D:2      | Noticed a necrophage
  1313 | D:2      | Killed a necrophage
  1314 | D:2      | Reached skill level 4 in Axes
  1314 | D:2      | Reached XP level 4. HP: 33/40 MP: 4/4
  1503 | D:2      | Reached XP level 5. HP: 27/46 MP: 5/5
  1747 | D:2      | Identified 4 scrolls of acquirement
  1747 | D:2      | Acquired the amulet of Vitality {RegenMP++ Regen++}
  1747 | D:2      | Found the amulet of Vitality {RegenMP++ Regen++}
  1754 | D:2      | Acquired the +5 consecrated labrys {holy, Valiant Fragile
                  | Fly SInv}
  1754 | D:2      | Found the +5 consecrated labrys {holy, Valiant Fragile Fly
                  | SInv}
  1757 | D:2      | Acquired 1034 gold pieces
  1759 | D:2      | Acquired the +1 cloak of the Nightingale {rPois Will+ Str-3
                  | Stlth+}
  1831 | D:3      | Reached skill level 5 in Axes
  1845 | D:3      | Identified the +3 short sword of the Manifold Quests
                  | {flame, rElec Int+5}
  1932 | D:3      | Reached XP level 6. HP: 43/53 MP: 6/6
  1949 | D:3      | Reached skill level 6 in Axes
  1960 | D:3      | Found an iron altar of Okawaru.
  2017 | D:3      | You are sucked into a shaft and drop 1 floor!
  2104 | D:4      | Noticed Blork the orc
  2114 | D:4      | Killed Blork the orc
  2189 | D:4      | Reached skill level 5 in Fighting
  2189 | D:4      | Reached skill level 7 in Axes
  2189 | D:4      | Reached XP level 7. HP: 61/61 MP: 7/7
  2213 | D:4      | Reached skill level 1 in Dodging
  2476 | D:3      | Found a faded altar of an unknown god.
  2692 | D:3      | Identified the +2 robe of Binutifa {rPois Dex+5}
  2810 | D:4      | Found a runed translucent door.
  2810 | D:4      | Noticed AverageBear's ghost (amateur DsFi)
  2820 | D:4      | Found a staircase to the Ecumenical Temple.
  2829 | Temple   | Entered the Ecumenical Temple
  2913 | Temple   | Became a worshipper of Hepliaklqana the Forgotten
  3392 | D:5      | Entered Level 5 of the Dungeon
  3393 | D:5      | Noticed a two-headed ogre
  3567 | D:5      | Reached skill level 5 in Armour
  3567 | D:5      | Reached skill level 1 in Invocations
  3582 | D:5      | Killed a two-headed ogre
  3583 | D:5      | Reached skill level 9 in Axes
  3583 | D:5      | Reached skill level 5 in Shields
  3583 | D:5      | Reached XP level 8. HP: 43/70 MP: 8/10
  3813 | D:5      | Reached skill level 1 in Stealth
  3835 | D:5      | Reached * piety under Hepliaklqana
  3970 | D:5      | Noticed Dowan
  3970 | D:5      | Noticed Duvessa
  3973 | D:5      | Killed Dowan
  3979 | D:5      | HP: 2/63 [Duvessa/+2 short sword of holy wrath (15)]
  3981 | D:5      | Killed Duvessa
  4219 | D:6      | Reached XP level 9. HP: 70/70 MP: 12/12
  4331 | D:6      | Noticed a two-headed ogre
  4339 | D:6      | Killed a two-headed ogre
  4340 | D:6      | Reached skill level 10 in Axes
  4340 | D:6      | Reached skill level 5 in Invocations
  4340 | D:6      | Reached skill level 1 in Evocations
  4418 | D:6      | Found an opulent altar of Gozag.
  4434 | D:6      | Found a broken altar of Ashenzari.
  4791 | D:6      | Reached skill level 11 in Axes
  4835 | D:6      | Reached ** piety under Hepliaklqana
  4836 | D:6      | Remembered your ancestor Shadowmeld as a hexer
  4895 | D:6      | Found a white marble altar of Elyvilon.
  4895 | D:6      | Found an ancient bone altar of Kikubaaqudgha.
  4899 | D:6      | Found a blossoming altar of Fedhas.
  4899 | D:6      | Found a burning altar of Makhleb.
  5216 | D:7      | Reached XP level 10. HP: 66/81 MP: 13/15
  5712 | D:8      | Noticed Joseph
  5723 | D:8      | Killed Joseph
  5724 | D:8      | Reached skill level 12 in Axes
  5840 | D:8      | Found a bloodstained altar of Trog.
  6111 | D:8      | Noticed Psyche
  6118 | D:8      | Killed Psyche
  6122 | D:8      | Reached skill level 10 in Fighting
  6123 | D:8      | Reached skill level 13 in Axes
  6244 | D:8      | Reached *** piety under Hepliaklqana
  6270 | D:8      | Reached XP level 11. HP: 85/90 MP: 17/17
  6311 | D:8      | Noticed a wizard
  6314 | D:8      | Killed a wizard
  6548 | D:9      | Noticed a cyclops
  6551 | D:9      | Noticed a manticore
  6560 | D:9      | Killed a cyclops
  6570 | D:9      | Slain by a manticore

Illustrated notes

Levels and vault maps discovered:
D:1:      dpeg_arrival_boxes_within_box, layout_basic
D:2:      layout_loops_ring, serial_shops, shop, nicolae_kite_square_tiling_tiny
D:3:      layout_rooms, okawaru_metal_pillars_3, ebering_ecumenical_altar_rust
D:4:      layout_basic, minmay_temple_entry_overgrown, ebering_ghost_sewer_d,
          minmay_manual_monstrance, uniq_blork_the_orc
D:5:      layout_basic, uniq_duvessa
D:6:      layout_gridville, mainiacjoe_overflow_tiny_flanked,
          grunt_temple_overflow_open, cheibrodos_ashenzari_chains, minivault_5,
          minmay_pentangle
D:7:      layout_cave_pools, minmay_fire_ice_demons
D:8:      layout_basic, trog_wizard, chequers_serial_rivers_marsh, uniq_psyche,
          uniq_joseph
D:9:      minmay_ornate_pinched, layout_basic, general_overflow_altar,
          roderic_serpentine_path, nicolae_shop_fire_sale
          [nicolae_sub_dead_trees], minmay_crystal_water, grunt_ministairs_1
Temple:   oiseaux_autumnal_temple

Skill      XL: |  1  2  3  4  5  6  7  8  9 10 |
---------------+-------------------------------+-----
Fighting       | 4 5 6 8 10 | 10.8
Axes           | 3 4 5 7 9 11 13 | 13.9
Shields        | 4 5 |  5.8
Armour         | 4 5 6 7 |  7.3
Dodging        | 1 2 |  2.9
Invocations    | 3 4 6 8 |  8.9
Stealth        | 1 3 |  3.1
Evocations     | 1 |  1.0

Action                     |  1- 3 |  4- 6 |  7- 9 | 10-12 || total
---------------------------+-------+-------+-------+-------++-------
  Melee: War axe           |    78 |    10 |       |       ||    88
         Labrys            |       |    88 |   176 |   103 ||   367
 Invoke: Ancestor Life: He |       |       |     1 |       ||     1
         Ancestor Identity |       |       |     1 |       ||     1
  Evoke: Wand              |       |       |     2 |     1 ||     3
    Use: Scroll            |       |     7 |     3 |     1 ||    11
         Potion            |       |       |       |     1 ||     1
   Stab: Distracted        |       |       |     3 |       ||     3
         Sleeping          |       |       |     1 |     3 ||     4
         Confused          |       |       |     1 |     1 ||     2
 Armour: Scale mail        |    51 |    60 |    14 |       ||   125
         Ring mail         |       |       |    48 |    26 ||    74
  Dodge: Dodged            |    34 |    45 |   102 |    29 ||   210
  Block: Buckler           |    35 |    25 |    45 |    26 ||   131

Table legend: (Time is in decaauts)
 A = Elapsed time spent in this place.
 B = Non-inter-level travel time spent in this place.
 C = Inter-level travel time spent in this place.
 D = Time resting spent in this place.
 E = Time spent auto-exploring this place.
 F = Levels seen in this place.
 G = Mean time per level.
                   A        B        C        D        E       F      G
               +--------+--------+--------+--------+--------+-----+--------+
         Total |   6659 |   6046 |    613 |      0 |   4808 |  10 |  665.9 |
       Dungeon |   6550 |   5974 |    576 |      0 |   4746 |   9 |  727.8 |
        Temple |    108 |     71 |     37 |      0 |     62 |   1 |  108.0 |
               +--------+--------+--------+--------+--------+-----+--------+

Top non-repeatable levels by time:
     D:1: 1089 daAuts
     D:4: 1003 daAuts
     D:6: 986 daAuts
     D:8: 840 daAuts
     D:2: 764 daAuts
     D:5: 648 daAuts
     D:3: 628 daAuts
     D:7: 516 daAuts
  Temple: 108 daAuts
     D:9: 74 daAuts
